 Dungeon Crawl Stone Soup version 0.31-b1-22-gc680215f68 (webtiles) character file.

Game seed: 395645464978871421

51481 Esekla the Covert (level 14, -11/93 HPs)
             Began as an Octopode Delver on Jan 18, 2024.
             Was an Initiate of Gozag.
             Mangled by a dire elephant (23 damage)
             ... on level 5 of the Lair of Beasts.
             The game lasted 02:39:59 (23288 turns).

Esekla the Covert (Octopode Delver)                Turns: 23288, Time: 02:39:59

Health: -11/93     AC:  8    Str: 26    XL:     14   Next: 59%
Magic:  19/36      EV: 17    Int: 16    God:    Gozag
Gold:   2269       SH: 10    Dex: 15    Spells: 8/32 levels left

rFire   . . .        s - +2 dagger "Ferug" {protect, Str+3 Stlth+}
rCold   + . .        B - +0 buckler
rNeg    + . .        (helmet restricted)
rPois   +            J - amulet of reflection
rElec   .            h - ring of positive energy
rCorr   +            i - ring of protection from cold
SInv    .            l - ring of poison resistance
Will    ++...        k - ring of resist corrosion
Stlth   +++++++      A - ring of magical power
HPRegen 0.35/turn    C - +6 ring of strength
MPRegen 0.25/turn    F - ring of willpower
                     V - +6 ring of strength

%: reflection
@: about to teleport, gold aura, under a protective aura, very slightly
contaminated
A: almost no armour, amphibious, 8 rings, camouflage 1, gelatinous body 1,
(nimble swimmer 1), tentacles
a: Renounce Religion, Potion Petition, Call Merchant, Bribe Branch


You were on level 5 of the Lair of Beasts.
You worshipped Gozag.
Gozag was most pleased with you.
You visited 4 branches of the dungeon, and saw 20 of its levels.

You collected 5881 gold pieces.
You spent 808 gold pieces at shops.
You paid 2804 gold pieces to Gozag.

Inventory:

Hand Weapons
 a - the +5 long sword of a wizard's laboratory {flame, rPois Will- Str+10 Int-3}
   (You bought it in a shop on level 12 of the Dungeon)

   Str+10:    It affects your strength (+10).
   Int-3:     It affects your intelligence (-3).
   rPois:     It protects you from poison Will-: It decreases your willpower.
 r - the +7 spear of Axamy {pain, Int+2}
   (You bought it in a shop on level 12 of the Dungeon)

   Int+2:     It affects your intelligence (+2).
 s - the +2 dagger "Ferug" (weapon) {protect, Str+3 Stlth+}
   (You bought it in a shop on level 7 of the Dungeon)

   Str+3:     It affects your strength (+3).
   Stlth+:    It makes you more stealthy.
 w - a +1 long sword of holy wrath
 z - a +1 scimitar of freezing
Missiles
 x - 6 javelins
 I - 15 poisoned darts (quivered)
 M - 5 curare-tipped darts
 S - 8 boomerangs
Armour
 B - a +0 buckler (worn)
Jewellery
 h - a ring of positive energy (left tentacle)
 i - a ring of protection from cold (right tentacle)
 k - a ring of resist corrosion (on tentacle)
 l - a ring of poison resistance (on tentacle)
 m - a ring of positive energy
 A - a ring of magical power (on tentacle)
 C - a +6 ring of strength (on tentacle)
 F - a ring of willpower (on tentacle)
 J - an amulet of reflection (around mantle)
 V - a +6 ring of strength (on tentacle)
Wands
 f - a wand of digging (3)
 H - a wand of roots (11)
 K - a wand of mindburst (7)
 P - a wand of paralysis (3)
Scrolls
 b - 2 scrolls of fog
 e - 3 scrolls of poison
 g - a scroll of acquirement {unknown}
 j - 2 scrolls of identify
 n - a scroll of silence {unknown}
 y - 2 scrolls of revelation
 G - 2 scrolls of immolation {unknown}
 L - 2 scrolls of enchant armour {unknown}
 N - a scroll of blinking {unknown}
 X - a scroll of brand weapon
Potions
 c - 2 potions of resistance
 d - 3 potions of might
 o - 2 potions of brilliance
 p - a potion of heal wounds
 q - 2 potions of invisibility
 t - 2 potions of lignification
 u - 2 potions of cancellation
 v - 4 potions of attraction
 O - a potion of magic
 Q - 2 potions of curing
 T - 2 potions of haste


   Skills:
 * Level 7.9 Fighting
 + Level 4.1(7.2) Short Blades
 * Level 9.2(9.6) Long Blades
 + Level 4.2 Throwing
 * Level 8.7 Dodging
 + Level 11.2 Stealth
 + Level 5.0 Shields
 * Level 9.5 Spellcasting
 * Level 6.6 Conjurations
 + Level 7.1 Necromancy
 * Level 5.2 Fire Magic
 * Level 6.9 Ice Magic
 + Level 5.2 Air Magic
 + Level 6.1 Alchemy
 + Level 0.2 Evocations


You had 8 spell levels left.
You knew the following spells:

 Your Spells              Type           Power      Damage    Failure   Level
c - Mephitic Cloud        Conj/Alch/Air  26%        N/A       2%          3
d - Vampiric Draining     Necr           30%        2d8       1%          3
i - Irradiate             Conj/Alch      14%        3d16      22%         5
n - Ignite Poison         Fire/Alch      25%        N/A       11%         4
u - Dispel Undead         Necr           30%        3d14      6%          4
z - Freezing Cloud        Conj/Ice/Air   13%        6-21      22%         5

Your spell library contained the following spells:

 Spells                   Type           Power      Damage    Failure   Level
 Cigotuvi's Dreadful Rot  Necr/Alch/Air  54%        N/A       1%          2
 Swiftness                Air            24%        N/A       3%          3
 Ensorcelled Hibernation  Hex/Ice        36%        N/A       4%          2
 Dazzling Flash           Conj/Hex       36%        N/A       9%          3
 Slow                     Hex            28%        N/A       11%         1
 Inner Flame              Hex/Fire       15%        N/A       12%         3
 Curse of Agony           Necr           30%        N/A       16%         5
 Martyr's Knell           Necr/Summ      19%        N/A       26%         4
 Leda's Liquefaction      Alch/Erth      8%         N/A       30%         4
 Confusing Touch          Hex            7%         N/A       32%         3
 Passwall                 Erth           7%         N/A       32%         3
 Sigil of Binding         Hex            7%         N/A       32%         3
 Death Channel            Necr           15%        N/A       65%         6
 Silence                  Hex/Air        8%         N/A       71%         5
 Lee's Rapid Deconstruct  Erth           3%         3d5*      97%         5
 Bombard                  Conj/Erth      9%         9d2       99%         6
 Ignition                 Fire           12%        3d6       100%        8


Dungeon Overview and Level Annotations

Branches:
Dungeon (12/15)            Temple (1/1) D:5            Lair (5/5) D:11
 Shoals (0/4) Lair:3       Spider (0/4) Lair:3        Slime (0/5) Lair:4
    Orc (2/2) D:12
    Elf: Orc:2

Altars:
Ashenzari
Cheibriados
Dithmenos
Elyvilon
Fedhas
Gozag
Hepliaklqana
Kikubaaqudgha
Makhleb
Nemelex Xobeh
Okawaru
Qazlal
Ru
Sif Muna
Trog
Uskayaw
Vehumet
Wu Jian
Xom
Yredelemnul
Zin
The Shining One
Jiyva

Shops:
D:7 (   D:9 *   D:11 =*   D:12 (   Orc:1 *

Annotations:
D:3 Pikel
D:5 Grinder
D:8 3 runed translucent doors, laqueoix's ghost, novice OnGl
D:10 1 runed translucent door, shadow, unseen horror, 2 headed ogre and more, TheBioAlchemist's ghost, journeyman OpSh
D:12 3 runed translucent doors, VoidStrider's ghost, journeyman OnAE


Innate Abilities, Weirdness & Mutations

You cannot wear most types of armour.
You are amphibious.
You can wear up to eight rings at the same time.
Your skin changes colour to match your surroundings (Stealth+).
Your rubbery body absorbs attacks. (AC +1, EV +1)
((You are camouflaged when in or above water. (Stealth+)))
You have tentacles for arms and can constrict up to eight enemies at once.


Message History

Aiming: Vampiric Draining (safe; 1% risk of failure)
Press: ? - help, Shift-Dir - straight line, f - death yak
Aim: a death yak (freezing vapour, heavily wounded)
You draw life force from the death yak!
You feel life coursing into your body!
The death yak is engulfed in freezing vapours.
You block the death yak's attack.
Okay, then.
Casting: Vampiric Draining (safe; 1% risk of failure)
Confirm with . or Enter, or press ? or * to list all spells.
Aiming: Vampiric Draining (safe; 1% risk of failure)
Press: ? - help, Shift-Dir - straight line, f/p - death yak
Aim: a death yak (freezing vapour, severely wounded)
You draw life force from the death yak!
You feel life coursing into your body!
The dire elephant is engulfed in freezing vapours.
The death yak is engulfed in freezing vapours.
The death yak misses you.
You hit the death yak.
Your weapon exudes an aura of protection.
The death yak is almost dead.
The dire elephant is engulfed in freezing vapours.
The dire elephant completely misses you.
The dire elephant trunk-slaps you. The death yak gores you!!
Casting: Vampiric Draining (safe; 1% risk of failure)
Confirm with . or Enter, or press ? or * to list all spells.
Aiming: Vampiric Draining (safe; 1% risk of failure)
Press: ? - help, Shift-Dir - straight line, f/p - death yak
Aim: a death yak (almost dead)
You draw life force from the death yak!
You kill the death yak!
You feel life coursing into your body. The dire elephant tramples you!!
* * * LOW HITPOINT WARNING * * *
You hold your ground!
The dire elephant trunk-slaps you.
* * * LOW HITPOINT WARNING * * *
Okay, then.
As you read the scroll of teleportation, it crumbles to dust.
You feel strangely unstable.
The dire elephant is engulfed in freezing vapours.
The dire elephant tramples you!!
You die...
Your body crumbles into a pile of gold.

## P## ..# ####### ..# ###
#..#..# ..######.#
######.....######## ........###
##..#...#.P..#.P.#.##
..........###......#.............
..#......###.§°#.#...##..........
##.....###...☼☼$@....##..........
###....# #...☼○Y#.....#..........
###....###....#☼#.....##.........
........##..#####.....##.........
........#.......#.....##.........
.......##...#...########.........
.......##..Y#...# ##........
##.#....##..###.# .# #........
###....##P.....#... ##........


You could see a dire elephant.

Vanquished Creatures
  4 hydras
  A catoblepas (D:11)
  A boulder beetle (D:11)
  3 death yaks
  Amaemon (Lair:1)
  Sonja (Lair:1)
  A fire crab (Lair:5)
  A lindwurm (Lair:5)
  A deep elf pyromancer (D:11)
  2 orc knights (Orc:1)
  An ugly thing (D:12)
  A cyclops (D:12)
  11 elephants
  5 black mambas
  An orange demon (Lair:1)
  6 torpor snails
  11 cane toads
  3 rime drakes
  11 komodo dragons
  A troll (D:9)
  3 polar bears
  4 tyrant leeches (Lair:5)
  8 hornets (Lair:5)
  5 dream sheep (Lair:5)
  9 blink frogs
  A shadow (D:10)
  6 wraiths
  5 basilisks
  65 yaks
  6 wyverns
  Eustachio (D:4)
  2 vampires
  A steam dragon (Lair:2)
  A warg (Orc:1)
  6 vampire mosquitoes (D:12)
  20 water moccasins
  Duvessa (D:7)
  10 orc warriors
  6 ogres
  A black bear (D:6)
  5 centaurs
  8 wolves
  3 lemures (D:4)
  2 phantoms
  4 kobold brigands
  10 bullfrogs
  A gnoll sergeant (D:10)
  4 scorpions (Lair:3)
  10 wights
  Dowan (D:7)
  11 killer bees
  2 howler monkeys
  An electric eel (D:8)
  2 lava snakes (D:8)
  A bombardier beetle (D:6)
  2 hounds
  2 jellies
  12 orc priests
  6 iguanas
  2 sleepcaps
  19 orc wizards
  11 adders
  14 gnolls
  2 shadow imps
  A white imp (D:5)
  2 dart slugs
  6 ribbon worms
  39 orcs
  3 bats
  4 endoplasms
  2 giant cockroaches
  8 goblins
  9 hobgoblins
  7 jackals
  7 quokkas
  6 ball pythons
  4 frilled lizards
  21 kobolds
  5 rats
487 creatures vanquished.

Vanquished Creatures (others)
  A water moccasin (Lair:5)
1 creature vanquished.

Grand Total: 488 creatures vanquished

Notes
Turn   | Place    | Note
-------+----------+-------------------------------------------
     0 | D:5      | Esekla the Octopode Delver began the quest for the Orb.
     0 | D:5      | Reached XP level 1. HP: 16/16 MP: 1/1
    36 | D:5      | Noticed an iguana
    45 | D:5      | Found a staircase to the Ecumenical Temple.
    54 | Temple   | Entered the Ecumenical Temple
    63 | Temple   | Became a worshipper of Gozag Ym Sagoz the Greedy
    83 | D:5      | Noticed an iguana
    93 | D:5      | Noticed an orc wizard
    98 | D:5      | Noticed a hound
   103 | D:5      | Noticed a hound
   118 | D:5      | Noticed an iguana
   129 | D:4      | Noticed an iguana
   161 | D:4      | Found a burning altar of Makhleb.
   221 | D:4      | Reached XP level 2. HP: 12/21 MP: 2/2
   512 | D:2      | Reached skill level 7 in Stealth
   541 | D:2      | Reached XP level 3. HP: 23/26 MP: 4/4
   989 | D:1      | Reached skill level 1 in Spellcasting
   989 | D:1      | Reached XP level 4. HP: 26/31 MP: 5/5
  1951 | D:3      | Noticed a centaur
  2370 | D:3      | Found a blossoming altar of Fedhas.
  2395 | D:3      | Reached XP level 5. HP: 19/36 MP: 6/6
  3082 | D:3      | Found an ancient bone altar of Kikubaaqudgha.
  3131 | D:3      | Reached XP level 6. HP: 35/43 MP: 8/8
  3454 | D:4      | Found a white marble altar of Elyvilon.
  3560 | D:4      | Reached skill level 8 in Stealth
  3629 | D:4      | Noticed Pikel
  3743 | D:3      | Reached skill level 1 in Conjurations
  3743 | D:3      | Reached skill level 1 in Air Magic
  3743 | D:3      | Reached XP level 7. HP: 4/48 MP: 10/10
  4039 | D:4      | Found a basalt altar of Yredelemnul.
  4040 | D:4      | Found a snail-covered altar of Cheibriados.
  4114 | D:4      | Noticed Eustachio
  4123 | D:4      | Killed Eustachio
  4124 | D:4      | Reached skill level 1 in Ice Magic
  4137 | D:4      | Found a hazy altar of Hepliaklqana.
  4160 | D:4      | Found a shimmering blue altar of Sif Muna.
  4878 | D:5      | Noticed Grinder
  4922 | D:6      | Reached XP level 8. HP: 35/54 MP: 12/12
  4932 | D:6      | Noticed a +0 dagger
  4933 | D:6      | Noticed a +0 hand axe
  5125 | D:6      | HP: 1/54 [ogre/+0 giant club (22)]
  5181 | D:6      | Reached skill level 5 in Long Blades
  5281 | D:6      | Found a hide-covered altar of Uskayaw.
  5878 | D:7      | Reached XP level 9. HP: 57/59 MP: 14/14
  5899 | D:7      | Learned a level 3 spell: Vampiric Draining
  6086 | D:7      | Noticed Duvessa
  6086 | D:7      | Noticed Dowan
  6098 | D:7      | Killed Duvessa
  6099 | D:7      | Reached skill level 5 in Fighting
  6099 | D:7      | Reached skill level 5 in Dodging
  6103 | D:7      | Killed Dowan
  6104 | D:7      | Reached skill level 9 in Stealth
  6562 | D:7      | Reached skill level 1 in Throwing
  6570 | D:7      | Reached skill level 1 in Necromancy
  6768 | D:7      | Bought a jewelled dagger for 210 gold pieces
  6768 | D:7      | Identified the +2 dagger "Ferug" {protect, Str+3 Stlth+}
                  | (You bought it in a shop on level 7 of the Dungeon)
  6777 | D:8      | Found an iron altar of Okawaru.
  7015 | D:8      | Noticed a kobold demonologist
  7018 | D:8      | Noticed an eight-headed hydra
  7024 | D:8      | Noticed a two-headed ogre
  7096 | D:8      | Reached skill level 1 in Shields
  7239 | D:8      | Found a runed translucent gate.
  7240 | D:8      | Found a runed translucent gate.
  7241 | D:8      | Found a runed translucent gate.
  7246 | D:8      | Noticed a two-headed ogre
  7279 | D:8      | Noticed laqueoix's ghost (novice OnGl)
  7281 | D:8      | Reached skill level 1 in Short Blades
  7939 | D:8      | Upgraded the game from 0.31-b1-20-g67cafac56d to
                  | 0.31-b1-22-gc680215f68
  8171 | D:9      | Reached skill level 10 in Stealth
  8219 | D:9      | Reached XP level 10. HP: 26/68 MP: 4/16
  8786 | D:9      | Identified the +2 pair of boots of Snakes and Ladders
                  | {^Drain rPois Will+ Stlth+}
  9005 | D:9      | Reached skill level 5 in Spellcasting
  9687 | D:9      | Found a sparkling altar of Nemelex Xobeh.
  9827 | D:9      | Found a stormy altar of Qazlal.
  9902 | D:9      | Found a shimmering altar of Xom.
  9921 | D:9      | Learned a level 4 spell: Ignite Poison
  9927 | D:9      | Learned a level 5 spell: Freezing Cloud
  9963 | D:10     | Entered Level 10 of the Dungeon
 10056 | D:10     | Found a glowing golden altar of the Shining One.
 10332 | D:9      | Bought a potion of might for 60 gold pieces
 10332 | D:9      | Bought a scroll of brand weapon for 142 gold pieces
 10530 | D:10     | Found a runed translucent door.
 10530 | D:10     | Found a shimmering altar of Xom.
 10530 | D:10     | Noticed a +1 flail of chaos
 10530 | D:10     | Noticed TheBioAlchemist's ghost (journeyman OpSh)
 10904 | D:10     | Noticed a two-headed ogre
 11043 | D:10     | Reached XP level 11. HP: 39/72 MP: 15/19
 11062 | D:10     | Reached skill level 1 in Fire Magic
 11259 | D:10     | Found a sacrificial altar of Ru.
 11284 | D:10     | Noticed a two-headed ogre
 11542 | D:11     | Noticed a boulder beetle
 11565 | D:11     | Killed a boulder beetle
 11786 | D:11     | Noticed a deep elf pyromancer
 11857 | D:11     | Killed a deep elf pyromancer
 12056 | D:11     | Noticed a centaur warrior
 12056 | D:11     | Noticed a centaur warrior
 12360 | D:11     | Found a staircase to the Lair.
 12434 | Lair:1   | Entered Level 1 of the Lair of Beasts
 12434 | Lair:1   | Noticed Amaemon
 12455 | Lair:1   | Killed Amaemon
 12797 | Lair:1   | Noticed Sonja
 13036 | Lair:1   | Noticed a catoblepas
 13478 | Lair:1   | Reached XP level 12. HP: 80/80 MP: 22/22
 13480 | Lair:1   | Killed Sonja
 13504 | Lair:1   | Reached skill level 5 in Necromancy
 14173 | Lair:2   | Learned a level 5 spell: Irradiate
 15565 | D:12     | Found a staircase to the Orcish Mines.
 15645 | D:12     | Found Uqeureubaoxt's Antique Weapon Emporium.
 15696 | D:12     | Reached skill level 5 in Conjurations
 15763 | D:12     | Bought an ichor-stained long sword for 204 gold pieces
 15763 | D:12     | Identified the +5 long sword of a wizard's laboratory
                  | {flame, rPois Will- Str+10 Int-3} (You bought it in a shop
                  | on level 12 of the Dungeon)
 15765 | D:12     | Bought a translucent spear for 192 gold pieces
 15765 | D:12     | Identified the +7 spear of Axamy {pain, Int+2} (You bought
                  | it in a shop on level 12 of the Dungeon)
 16061 | D:12     | Found a runed translucent gate.
 16062 | D:12     | Found a runed translucent gate.
 16063 | D:12     | Found a runed translucent gate.
 16064 | D:12     | Noticed VoidStrider's ghost (journeyman OnAE)
 16248 | D:12     | Reached skill level 5 in Air Magic
 16432 | Orc:1    | Entered Level 1 of the Orcish Mines
 16748 | Orc:1    | You fall into a shaft and drop 1 floor!
 16748 | Orc:2    | Entered Level 2 of the Orcish Mines
 17209 | Orc:1    | Reached XP level 13. HP: 80/85 MP: 24/24
 17249 | Orc:1    | Found Gykaput's General Store.
 17749 | Lair:3   | Reached skill level 5 in Ice Magic
 17869 | Lair:3   | Reached skill level 5 in Alchemy
 18108 | Lair:3   | Learned a level 4 spell: Dispel Undead
 18407 | Lair:3   | Found a hole to the Spider Nest.
 18549 | Lair:3   | Found a staircase to the Shoals.
 18985 | Lair:3   | Reached skill level 11 in Stealth
 20031 | Lair:4   | Learned a level 3 spell: Mephitic Cloud
 20589 | Lair:4   | Found a runed translucent door.
 20752 | Lair:4   | Found a viscous altar of Jiyva.
 20752 | Lair:4   | Found a staircase to the Slime Pits.
 21247 | Lair:5   | Entered Level 5 of the Lair of Beasts
 21774 | Lair:5   | Reached XP level 14. HP: 86/92 MP: 26/26
 22057 | Lair:5   | HP: 3/93 [hornet (14)]
 22344 | Lair:5   | Reached skill level 5 in Shields
 22795 | Lair:4   | Reached skill level 5 in Fire Magic
 23249 | Lair:5   | Noticed a dire elephant
 23288 | Lair:5   | Mangled by a dire elephant

Illustrated notes

Levels and vault maps discovered:
D:1:      dpeg_arrival_more_subterranean_lakeside_camping, layout_basic
D:2:      layout_loops_ring
D:3:      layout_basic, fedhas_altar_3,
          mainiacjoe_overflow_concentric_impassable
D:4:      layout_basic, mainiacjoe_overflow_two_lobes,
          nicolae_overflow_crystal_walls, nicolae_elyvilon_temple_path,
          nicolae_overflow_two_pavilions, uniq_pikel, uniq_eustachio
D:5:      layout_basic, minmay_temple_entry_antechambers, uniq_grinder
D:6:      layout_basic, dancing_weapons_uskayaw, kennysheep_another_room,
          serial_park_tiny_pond
D:7:      layout_gridville, chequers_serial_rivers_large_b, amethyst_killhole,
          uniq_duvessa
D:8:      layout_layer_cave, okawaru_metal_pillars_1_2, gammafunk_ghost_split,
          roderic_st_hans_cross, serial_bayou_lagoon_a, grunt_decor_junction
D:9:      layout_loops_cross, xom_teletrap_fun, mainiacjoe_overflow_alcove_4,
          nemelex_diamond_rough_becter, minmay_misc_feat_square
D:10:     minmay_bubble_buster, layout_irregular_city, tso_oasis_becter,
          nicolae_ru_awakened_eye, ebering_ghost_xom, minmay_misc_feat_iff,
          minmay_stone_trees_small
D:11:     layout_cave_pods, dpeg_oklobed_lair, lightli_corner_chamber
D:12:     layout_long_grid, orc_0_dummy, gammafunk_ghost_necromancy,
          serial_shops, shop
Temple:   nicolae_temple_ecumenical_triangle
Lair:1:   layout_small_grid, pdpol_lair_neglected_garden, lemuel_fruit_tree,
          grunt_megastairs_1, uniq_sonja, uniq_amaemon
Lair:2:   layout_loops_ring
Lair:3:   layout_chaotic_city, shoals_dummy_entry,
          nicolae_spider_entry_non_spiders, serial_bayou_shore_b
Lair:4:   layout_regular_city, slime_entry_1, pf_torpor_hydra
Lair:5:   hangedman_lair_in_review, layout_small_grid, wormcave
Orc:1:    layout_caves, serial_shops, shop
Orc:2:    st_orc_congregation, layout_caves, special_room, serial_shops,
          nicolae_shop_advertising_works [nicolae_subvault_shop_adworks],
          nicolae_orc_pool_cavern, roderic_batcave, blackcustard_rock_pile

Skill      XL: |  1  2  3  4  5  6  7  8  9 10 11 12 13 14 |
---------------+-------------------------------------------+-----
Stealth        | 7 8 10 11 | 11.2
Spellcasting   | 1 2 3 4 5 6 7 8 9 |  9.5
Long Blades    | 3 4 5 6 7 8 9 |  9.2
Fighting       | 4 5 6 7 |  7.9
Dodging        | 3 4 5 6 7 8 |  8.7
Conjurations   | 1 2 4 5 6 |  6.6
Air Magic      | 1 2 4 5 |  5.2
Ice Magic      | 1 2 3 4 6 |  6.9
Throwing       | 2 3 4 |  4.2
Necromancy     | 2 4 6 7 |  7.1
Shields        | 1 2 3 4 5 |  5.0
Short Blades   | 2 3 4 |  4.1
Alchemy        | 3 4 6 |  6.1
Fire Magic     | 2 3 4 5 |  5.2
Evocations     | |  0.2

Action                     |  1- 3 |  4- 6 |  7- 9 | 10-12 | 13-15 || total
---------------------------+-------+-------+-------+-------+-------++-------
  Melee: Falchion          |    61 |   113 |   135 |       |       ||   309
         Tentacles         |    15 |    26 |    61 |   190 |   170 ||   462
         Constrict         |    15 |    30 |    47 |    67 |    31 ||   190
         Dagger            |    11 |    19 |    73 |   520 |   465 ||  1088
         Punch             |       |     1 |     5 |    12 |     8 ||    26
         Scimitar          |       |       |    24 |    62 |       ||    86
         Trident           |       |       |     1 |       |       ||     1
         Long sword        |       |       |       |    50 |       ||    50
  Throw: Javelin           |       |     4 |     7 |       |       ||    11
         Dart              |       |       |    14 |    55 |    99 ||   168
         Boomerang         |       |       |       |     6 |    30 ||    36
   Cast: Vampiric Draining |       |       |     7 |   132 |    96 ||   235
         Ignite Poison     |       |       |       |     5 |    26 ||    31
         Freezing Cloud    |       |       |       |     3 |    20 ||    23
         Mephitic Cloud    |       |       |       |       |     9 ||     9
         Irradiate         |       |       |       |       |     4 ||     4
 Invoke: Call Merchant     |       |       |     1 |     2 |     1 ||     4
  Evoke: Wand              |       |       |     4 |     4 |       ||     8
    Use: Potion            |     1 |     3 |     6 |     4 |     3 ||    17
         Scroll            |     1 |       |     4 |     4 |    11 ||    20
   Stab: Sleeping          |    10 |    17 |    13 |    32 |    11 ||    83
         Distracted        |     1 |     1 |     3 |     8 |     2 ||    15
         Confused          |       |       |       |       |     5 ||     5
 Armour: Skin              |    26 |    58 |   101 |   267 |   208 ||   660
  Dodge: Dodged            |    57 |    78 |   160 |   317 |   215 ||   827
  Block: Other             |       |       |    27 |    27 |       ||    54
         Reflection        |       |       |     1 |       |     2 ||     3
         Buckler           |       |       |       |   213 |   163 ||   376
